 Dungeon Crawl Stone Soup version 0.16-a0-3253-g5709529 (webtiles) character file.

164 KaKa the Bolt Thrower (level 5, -9/40 (41) HPs)
             Began as a Ghoul Hunter on Dec 23, 2014.
             Mangled by an ogre
             ... wielding a +0 giant club
              (11 damage)
             ... on level 4 of the Dungeon.
             The game lasted 00:14:55 (2606 turns).

KaKa the Bolt Thrower (Ghoul Hunter)                Turns: 2606, Time: 00:14:55

HP:   -9/40 (41)    AC: 11    Str: 16    XL:     5   Next: 45%
MP:   4/4           EV:  4    Int:  6    God:
Gold: 176           SH:  0    Dex: 10    Spells: 0 memorised, 4 levels left

rFire  . . .     SeeInvis .       - Unarmed
rCold  + . .     Clarity  .     v - +0 plate armour
rNeg   + + +     SustAb   .     (no shield)
rPois  ∞         Gourm    .     x - +0 helmet (curse)
rElec  .         Spirit   .     (no cloak)
rCorr  .         Warding  .     (no gloves)
rMut   .         Stasis   .     (no boots)
MR     .....                    (no amulet)
Stlth  ..........               (no ring)
                                (no ring)

@: rotting, not resistant to hostile enchantments, extremely unstealthy
A: rotting body, claws 1, carnivore 3, cold resistance 1, negative energy
resistance 3, poison resistance, slow healing 1, torment resistance, unbreathing
a: no special abilities


You were on level 4 of the Dungeon.
You were not hungry.

You visited 1 branch of the dungeon, and saw 4 of its levels.

You collected 176 gold pieces.

Inventory:

Hand weapons
 b - a +1 hand crossbow
 y - a +0 blowgun
Missiles
 c - 18 bolts
 d - 23 poisoned needles
 e - 21 arrows
 i - 4 javelins of returning (quivered)
Armour
 v - a +0 plate armour (worn)
 x - a cursed +0 helmet (worn)
Jewellery
 q - an uncursed ring of magical power {unknown}
 w - an uncursed amulet of resist mutation {unknown}
Scrolls
 g - 4 scrolls of identify {unknown}
 k - 4 scrolls of remove curse {unknown}
 o - a scroll of enchant weapon {unknown}
 p - 3 scrolls of amnesia {unknown}
Potions
 f - 2 potions of restore abilities {unknown}
 h - a potion of heal wounds {unknown}
 j - a potion of mutation {unknown}
 m - a potion of curing {unknown}
 n - a potion of flight {unknown}
 r - a potion of degeneration {unknown}
 s - a potion of poison {unknown}
 t - a potion of ambrosia {unknown}
Comestibles
 a - 2 beef jerkies
 u - a meat ration
 z - a slice of pizza


   Skills:
 - Level 2.1 Fighting
   Level 0.0 Short Blades
 + Level 4.7 Crossbows
 - Level 1.7 Dodging
 - Level 1.1 Stealth
 + Level 4.0 Unarmed Combat


You had 4 spell levels left.
You didn't know any spells.

Dungeon Overview and Level Annotations

Branches:
Dungeon (4/15)
 Temple: D:4-7

Altars:
Nemelex Xobeh
Zin


Innate Abilities, Weirdness & Mutations

Your body is rotting away.
You thrive on raw meat.
You have sharp fingernails.
You are carnivorous and can eat meat at any time.
Your flesh is cold resistant.
You are immune to negative energy.
Your system is resistant to poisons.
You heal slowly when monsters are visible.
You are immune to unholy pain and torment.
You can survive without breathing.


Message History

You barely miss the ogre. The ogre hits you but does no damage.
Your plate armour prevents you from hitting the ogre.
The ogre hits you with a giant club!
You scratch the ogre.
The ogre begins to bleed from its wounds!
The ogre is lightly wounded.
The ogre hits you with a giant club!
* * * LOW HITPOINT WARNING * * *
Read which item? (? for menu, Esc to quit)
Okay, then.
A kobold comes into view. It is wielding a whip.
The kobold shouts!
The kobold throws a stone.
The stone hits you but does no damage.
You see here a stone.
The ogre is no longer bleeding.
You open the door.
You feel your flesh rotting away.
The kobold throws a stone.
The stone hits you but does no damage. The ogre hits you with a giant club!
You die...

#K..# +...+
#...# #...#
#...# . +...#
... #.(.+ ....
##...##+#.....
#@O........#
#.'.....<....#
#+#..........#
...###+#.....#
... ####### ..
... ... .


You could see an ogre and a kobold.

Vanquished Creatures
  An orc priest (D:3)
  An orc wizard (D:3)
  4 adders
  A giant gecko (D:2)
  An ooze (D:3)
  8 orcs (D:3)
  A ball python (D:2)
  7 bats
  3 giant cockroaches
  7 hobgoblins
  9 kobolds
  A quokka (D:3)
  A giant gecko zombie (D:4)
  A giant newt (D:2)
  9 goblins
  5 rats
60 creatures vanquished.

Notes
Turn   | Place    | Note
--------------------------------------------------------------
     0 | D:1      | KaKa, the Ghoul Hunter, began the quest for the Orb.
     0 | D:1      | Reached XP level 1. HP: 17/17 MP: 1/1
   153 | D:1      | Reached skill level 1 in Unarmed Combat
   156 | D:1      | Reached XP level 2. HP: 10/22 MP: 2/2
   671 | D:1      | Reached XP level 3. HP: 18/29 MP: 3/3
   748 | D:2      | Reached skill level 4 in Crossbows
   900 | D:2      | Found a sparkling altar of Nemelex Xobeh.
  1018 | D:2      | Found a glowing silver altar of Zin.
  1630 | D:3      | Reached XP level 4. HP: 33/36 MP: 3/3
  2054 | D:3      | Reached XP level 5. HP: 37/41 MP: 4/4
  2544 | D:4      | Noticed an ogre
  2597 | D:4      | Noticed an ogre
  2600 | D:4      | HP: 2/41 [ogre/giant club (16)]
  2606 | D:4      | Mangled by an ogre

Action                   |  1- 3 |  4- 6 || total
-------------------------+-------+-------++-------
Melee: Unarmed           |   141 |   101 ||   242
 Fire: Hand crossbow     |     8 |     5 ||    13
Throw: Javelin           |     1 |     2 ||     3
  Eat: Chunk             |    15 |    16 ||    31
